 Dungeon Crawl Stone Soup version 0.31-a0-859-g9dce7d3444 (webtiles) character file.

Game seed: 6526604551558291532

279383 SeagullWaffle the Drop of Water (level 20, 0/151 (159) HPs)
             Began as a Gnoll Wanderer on Oct 3, 2023.
             Was the Champion of Ru.
             Slain by an iron giant zombie (26 damage)
             ... on level 2 of the Abyss on Oct 9, 2023.
             The game lasted 05:47:44 (57085 turns).

SeagullWaffle the Drop of Water (Gnoll Wanderer)   Turns: 57085, Time: 05:48:14

HP:   0/151 (159)   AC: 26    Str: 13    XL:     20   Next: 45%
MP:   19/38         EV: 14    Int: 15    God:    Ru [******]
Gold: 2097          SH: 24    Dex: 16    Spells: 12/47 levels left

rFire   + + .        a - +9 broad axe (freeze)
rCold   + . .        q - +2 kite shield {AC+3}
rNeg    . . .        M - +1 robe {Will+}
rPois   +            x - +1 hat of Plog {rElec rF+}
rElec   +            F - scarf {rC+ rF+}
rCorr   .            p - +1 pair of gloves
SInv    .            D - +2 pair of boots of the Lonely Seas {Str+2 Dex+2}
Will    +....        n - amulet of reflection
Stlth   ++++++       T - ring of fire
HPRegen 0.00/turn    f - ring of ice
MPRegen 0.26/turn

%: inaccuracy (-5), reflection
@: exhausted, ice-armoured, sick, hasted, drained, very quick
A: fangs 1, inability to use devices, reduced EV 1, weak-willed 1, disrupted
magic 1, missing an eye, strong nose, distributed training, iridescent scales 1,
large bone plates 1, dopey 1, poison resistance, weak 1
}: 2/15 runes: decaying, serpentine
a: Renounce Religion, Draw Out Power, Power Leap, Apocalypse


You were on level 2 of the Abyss.
You worshipped Ru.
Ru was exalted by your worship.
You visited 6 branches of the dungeon, and saw 33 of its levels.
You visited the Abyss 1 time.
You also visited: Gauntlet and Ice Cave.

You collected 4076 gold pieces.
You spent 1979 gold pieces at shops.

Inventory:

Hand Weapons
 a - a +9 broad axe of freezing (weapon)
 e - a +0 demon whip of electrocution
 s - a +4 dagger of flaming
 I - the +10 hand axe of the Scorpion {protect, rC++}
   (You took it off an orc wizard on level 9 of the Dungeon)

   rC++:      It greatly protects you from cold.
Missiles
 h - 5 atropa-tipped darts
 j - 2 silver javelins (quivered)
 k - 3 curare-tipped darts
 v - 18 boomerangs
 B - 2 javelins
 G - 36 poisoned darts
Armour
 p - a +1 pair of gloves (worn)
 q - a +2 kite shield of protection (worn)
 x - the +1 hat of Plog (worn) {rElec rF+}
   (You found it on level 1 of the Swamp)

   rF+:       It protects you from fire.
   rElec:     It insulates you from electricity.
 D - the +2 pair of boots of the Lonely Seas (worn) {Str+2 Dex+2}
   (You bought it in a shop on level 2 of the Orcish Mines)

   Str+2:     It affects your strength (+2).
   Dex+2:     It affects your dexterity (+2).
 F - a scarf of resistance (worn)
 M - a +1 robe of willpower (worn)
 Q - a +1 robe of cold resistance
 U - a +2 hat of see invisible
 V - a +1 kite shield of cold resistance
Magical Staves
 b - the staff of the Bedazzling Weasel {rPois rC+ rN+ Dex-4 Hexes Ice Poison}
   (You found it on level 3 of the Lair of Beasts)

   [staff of poison]

   Base accuracy: +5 Base damage: 5 Base attack delay: 1.2 This weapon's minimum
   attack delay (0.6) is reached at skill level 12.
   Dex-4:     It affects your dexterity (-4).
   rC+:       It protects you from cold.
   rPois:     It protects you from poison rN+: It protects you from negative
   energy.
   Hexes:     It increases the power of your Hexes spells.
   Ice:       It increases the power of your Ice spells.
   Poison:    It increases the power of your Poison spells.
   It falls into the 'Staves' category.
   It is a one-handed weapon.
 t - the staff "Waggos" {rElec rF+ rN+ Will- Dex+6 Necro}
   (You found it in a Gauntlet)

   [staff of death]

   Base accuracy: +5 Base damage: 5 Base attack delay: 1.2 This weapon's minimum
   attack delay (0.6) is reached at skill level 12.
   Dex+6:     It affects your dexterity (+6).
   rF+:       It protects you from fire.
   rElec:     It insulates you from electricity.
   rN+:       It protects you from negative energy.
   Will-:     It decreases your willpower.
   Necro:     It increases the power of your Necromancy spells.
   It falls into the 'Staves' category.
   It is a one-handed weapon.
 X - the staff "Xelauch" {rC+ rN+ Will+ Necro}
   (You found it in a Gauntlet)

   [staff of death]

   Base accuracy: +5 Base damage: 5 Base attack delay: 1.2 This weapon's minimum
   attack delay (0.6) is reached at skill level 12.
   rC+:       It protects you from cold.
   rN+:       It protects you from negative energy.
   Will+:     It increases your willpower.
   Necro:     It increases the power of your Necromancy spells.
   It falls into the 'Staves' category.
   It is a one-handed weapon.
Jewellery
 d - a ring of flight
 f - a ring of ice (right hand)
 n - an amulet of reflection (around neck)
 S - a ring of resist corrosion
 T - a ring of fire (left hand)
 Z - a ring of protection from cold
Talismans
 J - a dragon-blood talisman
Scrolls
 c - 2 scrolls of blinking
 g - 7 scrolls of teleportation
 o - a scroll of torment
 u - 5 scrolls of fear
 z - 7 scrolls of revelation
 A - 4 scrolls of silence
 K - 4 scrolls of vulnerability
 N - 13 scrolls of identify
 O - 6 scrolls of immolation
 R - a scroll of fog
 W - 2 scrolls of poison
Potions
 i - 2 potions of mutation
 l - 5 potions of enlightenment
 m - 8 potions of curing
 r - 4 potions of brilliance
 w - 7 potions of attraction
 C - 6 potions of lignification
 E - 4 potions of invisibility
 H - 5 potions of haste
 L - 5 potions of might
 P - a potion of berserk rage
 Y - a potion of magic


   Skills:
 + Level 14.0 Fighting
 + Level 14.0 Short Blades
 + Level 14.0 Long Blades
 + Level 14.0 Axes
 + Level 14.0 Maces & Flails
 + Level 14.0 Polearms
 + Level 14.0 Staves
 + Level 14.0 Ranged Weapons
 + Level 14.2 Throwing
 + Level 14.2 Armour
 + Level 14.2 Dodging
 + Level 14.0 Stealth
 + Level 14.0 Shields
 + Level 14.0 Unarmed Combat
 + Level 14.2 Spellcasting
 + Level 11.9 Conjurations
 + Level 11.9 Hexes
 + Level 11.9 Summonings
 + Level 11.9 Necromancy
 + Level 11.9 Translocations
 + Level 13.7 Transmutations
 + Level 11.9 Fire Magic
 + Level 12.1 Ice Magic
 + Level 11.9 Air Magic
 + Level 11.9 Earth Magic
 + Level 11.9 Poison Magic
 + Level 15.4 Invocations
   Level 0.0 Evocations
 + Level 12.9 Shapeshifting


You had 12 spell levels left.
You knew the following spells:

 Your Spells              Type           Power      Damage    Failure   Level
a - Summon Lightning Spi  Summ/Air       46%        N/A       1%          4
b - Ignite Poison         Fire/Tmut/Pois 64%        N/A       1%          3
c - Olgreb's Toxic Radia  Pois           46%        N/A       1%          4
d - Ozocubu's Armour      Ice            63%        N/A       1%          3
e - Petrify               Tmut/Erth      49%        N/A       1%          4
f - Freezing Cloud        Conj/Ice/Air   31%        6-21      4%          5
g - Frozen Ramparts       Ice            100%       1d16      1%          3
h - Borgnjor's Vile Clut  Necr/Erth      23%        N/A       4%          5
i - Dispel Undead         Necr           46%        3d18      1%          4

Your spell library contained the following spells:

 Spells                   Type           Power      Damage    Failure   Level
 Apportation              Tloc           92%        N/A       1%          1
 Freeze                   Ice            100%       1d10      1%          1
 Necrotise                Necr           100%       1d9       1%          1
 Shock                    Conj/Air       100%       1d9       1%          1
 Sting                    Tmut/Pois      100%       1d8       1%          1
 Summon Small Mammal      Summ           100%       N/A       1%          1
 Cigotuvi's Dreadful Rot  Necr/Pois/Air  92%        N/A       1%          2
 Jinxbite                 Hex            92%        N/A       1%          2
 Passwall                 Tmut/Erth      40%        N/A       1%          2
 Static Discharge         Conj/Air       92%        2-6/arc   1%          2
 Sublimation of Blood     Necr           46%        N/A       1%          2
 Wereblood                Tmut           51%        N/A       1%          2
 Hailstorm                Conj/Ice       63%        3d13      1%          3
 Stone Arrow              Conj/Erth      92%        3d12      1%          3
 Summon Guardian Golem    Hex/Summ       46%        N/A       1%          3
 Swiftness                Air            46%        N/A       1%          3
 Tukima's Dance           Hex            46%        N/A       1%          3
 Volatile Blastmotes      Fire/Tloc      100%       2d18      1%          3
 Airstrike                Air            23%        2d(4-20)  1%          4
 Animate Armour           Summ/Erth      92%        N/A       1%          4
 Animate Dead             Necr           46%        N/A       1%          4
 Dimensional Bullseye     Hex/Tloc       23%        N/A       1%          4
 Flame Wave               Conj/Fire      62%        2d14      1%          4
 Fulminant Prism          Conj/Hex       23%        3d12      1%          4
 Iskenderun's Mystic Bla  Conj/Tloc      46%        2d10      1%          4
 Manifold Assault         Tloc           46%        N/A       1%          4
 Alistair's Intoxication  Tmut/Pois      32%        N/A       3%          5
 Conjure Ball Lightning   Conj/Air       23%        3x3d6     21%         6
 Death Channel            Necr           23%        N/A       21%         6
 Dispersal                Tloc           23%        N/A       21%         6
 Simulacrum               Ice/Necr       31%        N/A       21%         6
 Ozocubu's Refrigeration  Ice            31%        4d14      67%         7
 Orb of Destruction       Conj           23%        9d8       71%         7
 Spellforged Servitor     Conj/Summ      23%        N/A       71%         7
 Summon Hydra             Summ           23%        N/A       71%         7
 Disjunction              Tloc           23%        N/A       100%        8
 Lehudib's Crystal Spear  Conj/Erth      23%        10d6      100%        8
 Summon Horrible Things   Summ           23%        N/A       100%        8
 Fire Storm               Conj/Fire      31%        8d8       100%        9
 Polar Vortex             Ice            31%        12d4*     100%        9


Dungeon Overview and Level Annotations

Branches:
Dungeon (15/15)            Temple (0/1) D:5            Lair (5/5) D:10
  Swamp (4/4) Lair:3        Snake (4/4) Lair:2        Slime (0/5) Lair:5
    Orc (2/2) D:10            Elf (3/3) Orc:2        Vaults (0/5) D:14
 Depths (0/4) D:15          IceCv (visited)         Gauntlet (visited)

Altars:
Ashenzari
Cheibriados
Dithmenos
Fedhas
Gozag
Hepliaklqana
Kikubaaqudgha
Makhleb
Okawaru
Qazlal
Ru
Sif Muna
Trog
Uskayaw
Vehumet
Wu Jian
Zin
The Shining One
Jiyva

Shops:
D:8 *   D:15 !   Orc:1 (   Orc:2 [(*=   Elf:1 :   Elf:2 ?   Snake:1 [=[?
Snake:3 *   Snake:4 :=:

Portals:
Trove: D:11 (show abyssal rune of Zot)

Annotations:
D:7 2 transporters
Elf:3 2 transporters


Innate Abilities, Weirdness & Mutations

You have very sharp teeth.
You cannot study or use magical devices.
You have somewhat slow reflexes. (EV -5)
You are slightly weak-willed. (Will-)
Your casting is slightly disrupted.
You are missing an eye, making it more difficult to aim.
Your uncanny sense of smell can sniff out nearby items.
Your experience applies equally to all skills.
You are partially covered in iridescent scales. (AC +2)
You are partially covered in large bone plates. (SH +4)
You are dopey. (Int -2)
Your system is resistant to poisons. (rPois)
You are weak. (Str -2)


Message History

The zombie hands constrict the raiju.
The iron giant zombie is engulfed in freezing vapours.
The iron giant zombie hits you!!!
* * * LOW HITPOINT WARNING * * *
The smoke demon gestures at you. The sticky flame hits you. You resist.
You are covered in liquid flames!
* * * LOW HITPOINT WARNING * * *
You focus your inner power and paralyse the smoke demon in retribution!
The raiju is engulfed in freezing vapours.
The raiju struggles to escape constriction.
The heat melts your icy armour.
Okay, then.
Throw: 2 javelins (silver)
Press: ? - help, Q - select action, (/) - cycle Shift-Dir - straight line, p - raiju
Okay, then.
Unknown command.
The helpless smoke demon fails to defend itself.
You slice the smoke demon!! You freeze the smoke demon.
You kill the smoke demon!
You hit the iron giant zombie.
You are covered in liquid flames!
* * * LOW HITPOINT WARNING * * *
The zombie hands constrict the raiju.
You kill the raiju!
You block the iron giant zombie's attack.
The heat melts your icy armour.
Casting: Borgnjor's Vile Clutch (mildly dangerous; 4% risk of failure)
Confirm with . or Enter, or press ? or * to list all spells.
Aiming: Borgnjor's Vile Clutch (mildly dangerous; 4% risk of failure)
Press: ? - help, Shift-Dir - straight line, f - iron giant zombie
Aim: an iron giant zombie (severely damaged, 100% to hit)
Okay, then.
You feel yourself speed up.
You are covered in liquid flames!
* * * LOW HITPOINT WARNING * * *
The ancient zyme hits you!
* * * LOW HITPOINT WARNING * * *
You block the ancient zyme's attack. The iron giant zombie hits you!!
You die...

..... .. #..... #
#. . #...
##.......# # . .
... #........# .
s...... .#
#.......# .. ...
. #....... #. ..
. .. ##...... #.
. .
#.....x######...
.... . . #Z@#.##
###.# # #.
#...○§§#.§§§.#.##
....## .
..#§§§##.§§○##. .
.#. # ...§#.
#.#§.##.. # ..
.## ##...##..#.#
# # .. #.#§.##.
.. # . ##.#.
.§....... # .
#h....§## ##.. .
#.. .# .# .. .


You could see an ancient zyme and an iron giant zombie.

Vanquished Creatures
  Bai Suzhen (Snake:4)
  Vashnia (Snake:4)
  Nikola (Snake:4)
  A deep elf blademaster (Elf:2)
  The ghost of DEFE the Metamorph, an adept DsFi of Uskayaw (Swamp:4)
  A quicksilver dragon (Snake:4)
  Agnes (Elf:2)
  Gastronok (Lair:2)
  2 nagarajas
  2 deep elf elementalists (Elf:3)
  Louise (Snake:4)
  The ghost of AppleFox63 the Lord of Darkness, an adept DENe of Kikubaaqudgha (Swamp:4)
  5 deep elf sorcerers
  An orc warlord (Orc:2)
  4 eleionomae
  Nessos (D:13)
  3 deep elf demonologists
  The ghost of Rime the Party-goer, a journeyman DsSh of Uskayaw (Lair:3)
  6 deep elf annihilators
  A minotaur (Gauntlet)
  3 deep elf death magi (Elf:3)
  The ghost of Vuwiesed the Slicer, a journeyman DsSh of Uskayaw (Lair:3)
  The ghost of Xavier147 the Marksgargoyle, a journeyman GrHu of the Shining One (Lair:3)
  A shambling mangrove (Swamp:4)
  2 deep elf high priests
  A rakshasa (Abyss:2)
  A yaktaur captain (D:15)
  Erolcha (D:11)
  10 alligators
  18 hydras
  Fannar (Lair:1)
  6 vault guards (D:14)
  6 centaur warriors
  5 anacondas
  5 salamander tyrants
  4 two-headed ogres
  3 catoblepae
  The ghost of Zituum the Thaumaturge, a journeyman DESu of Sif Muna (D:13)
  2 ironbound frosthearts (IceCv)
  2 boulder beetles
  21 dancing weapons
  The ghost of PaleRider the Destroyer, a novice DgIE (D:10)
  7 naga warriors
  A vampire mage (D:11)
  2 orc high priests
  3 death yaks (IceCv)
  A tengu warrior (D:13)
  4 thrashing horrors
  13 naga sharpshooters
  Sonja (D:11)
  17 deep elf knights
  2 sixfirhies (Abyss:2)
  Nergalle (Orc:2)
  A skyshark (Lair:5)
  A fire crab (Lair:4)
  3 goliath frogs
  3 skeletal warriors (D:15)
  6 shock serpents
  Lodul (D:13)
  3 sea snakes (Snake:4)
  2 spriggan druids
  A flayed ghost (Abyss:2)
  A glowing orange brain (shapeshifter) (Abyss:2)
  3 bog bodies
  11 swamp dragons
  6 deep elf archers
  2 salamander mystics
  A phantasmal warrior (Abyss:2)
  3 naga ritualists
  2 lindwurms (Swamp:4)
  A necromancer (D:15)
  8 orc knights
  26 deep elf zephyrmancers
  4 mana vipers
  36 deep elf pyromancers
  A wizard (D:11)
  9 orc sorcerers
  A wolf spider (Lair:5)
  4 manticores
  3 will-o-the-wisps
  10 cyclopes
  A worldbinder (Abyss:2)
  13 ugly things
  A salamander (shapeshifter) (D:15)
  2 apocalypse crabs (Abyss:2)
  8 salamanders
  2 moths of wrath
  2 elephants (Lair:5)
  An ice statue (IceCv)
  31 black mambas
  13 naga magi
  A centaur skeleton (D:15)
  2 smoke demons (Abyss:2)
  4 guardian serpents
  12 cane toads
  2 unseen horrors (D:12)
  3 large abominations (Abyss:2)
  A gargoyle (D:13)
  3 rime drakes
  6 komodo dragons
  A kobold demonologist (D:13)
  An efreet (D:13)
  An ice devil (Lair:2)
  2 tengu conjurers (D:13)
  20 polar bears
  7 trolls
  A hellwing (Abyss:2)
  5 tyrant leeches
  7 hornets
  3 meliai (D:15)
  Prince Ribbit (D:7)
  A harpy skeleton (D:15)
  4 blink frogs (Lair:4)
  8 raiju
  A dream sheep (Lair:4)
  A meliai zombie (D:15)
  A centaur simulacrum (D:15)
  A flying skull (Abyss:2)
  4 slime creatures (D:14)
  3 spriggans
  2 shadows
  2 water elementals (Elf:1)
  5 air elementals
  A yak (shapeshifter) (Elf:2)
  Sigmund (D:3)
  8 vampires
  50 yaks
  2 fire elementals
  4 small abominations
  3 basilisks
  6 wyverns
  2 wraiths
  A steam dragon (D:8)
  A neqoxec (Abyss:2)
  2 redbacks
  A redback (shapeshifter) (D:15)
  5 swamp worms
  8 wargs
  31 nagas
  9 vampire mosquitoes
  12 water moccasins
  An acid dragon (D:13)
  5 swamp drakes
  31 orc warriors
  6 hell hounds (Lair:5)
  A sky beast (D:7)
  An ice beast (D:6)
  8 black bears
  15 ogres
  29 wolves
  12 centaurs
  A phantom (D:4)
  7 kobold brigands
  4 nameless horrors
  7 bullfrogs
  6 gnoll sergeants
  4 scorpions
  13 wights
  10 killer bees
  10 howler monkeys
  4 jellies
  2 hounds
  A gnoll bouda (D:8)
  11 orc priests
  An iron imp (Abyss:2)
  3 iguanas
  26 orc wizards
  2 lightning spires (Swamp:3)
  A boggart simulacrum (D:15)
  12 adders
  24 gnolls
  2 white imps
  5 ufetubi
  2 worms (D:3)
  A dart slug (D:3)
  78 orcs
  5 bats
  10 endoplasms
  2 giant cockroaches (D:2)
  6 hobgoblins
  11 jackals
  6 quokkas
  2 ball pythons
  2 frilled lizards (D:1)
  4 goblins
  23 kobolds
  4 rats
  A ball lightning (Swamp:3)
1096 creatures vanquished.

Vanquished Creatures (collateral kills)
  Mara (Snake:3)
  A tentacled monstrosity (Swamp:2)
  A nagaraja (Snake:2)
  A deep elf high priest (Elf:3)
  2 vault guards (D:14)
  6 hydras
  The ghost of Nammoc the Thaumaturge, a journeyman GnWn of Cheibriados (Lair:3)
  An alligator (Swamp:3)
  2 catoblepae
  An anaconda (Snake:3)
  2 naga warriors
  A two-headed ogre (D:12)
  2 naga sharpshooters
  A soul eater (Gauntlet)
  A skyshark (Lair:4)
  2 spriggan druids
  2 swamp dragons (Swamp:4)
  2 naga ritualists
  A lindwurm (Swamp:4)
  A bog body (Swamp:1)
  2 deep elf zephyrmancers
  2 wolf spiders (Lair:5)
  An ugly thing (D:14)
  A will-o-the-wisp (Swamp:2)
  A salamander (Snake:3)
  3 elephants (Lair:5)
  2 guardian serpents
  2 naga magi
  6 black mambas
  A rime drake (Lair:4)
  2 cane toads (Lair:5)
  A komodo dragon (Lair:4)
  A freezing wraith (D:14)
  2 hornets
  2 tyrant leeches (Swamp:1)
  5 polar bears
  3 dream sheep (Lair:4)
  A blink frog (Lair:4)
  2 spriggans (Swamp:2)
  5 wyverns (Lair:5)
  7 yaks
  3 nagas
  2 swamp worms
  3 wargs
  5 hell hounds (Lair:5)
  8 water moccasins
  4 black bears (Lair:5)
  3 swamp drakes
  2 orc warriors
  8 wolves
  2 centaurs (D:13)
  2 small abominations (Gauntlet)
  2 orc priests (Orc:2)
  3 orc wizards
  A nameless horror (Lair:5)
  2 gnolls (D:11)
  2 shadow imps (Gauntlet)
  4 orcs (Orc:1)
140 creatures vanquished.

Vanquished Creatures (others)
  2 nagarajas
  A bunyip (Swamp:4)
  3 hydras
  2 dancing weapons (Elf:2)
  A naga sharpshooter (Snake:2)
  A deep elf knight (Elf:1)
  A goliath frog (Swamp:3)
  2 deep elf pyromancers (Elf:1)
  2 manticores
  A black mamba (Snake:4)
  A komodo dragon (Lair:4)
  An ice devil (Lair:2)
  2 bloated husks
  A slime creature (D:14)
  A shadow (D:13)
  A yak (Lair:4)
  A wyvern (Lair:4)
  A naga (Lair:2)
  A swamp worm (Swamp:2)
  A water moccasin (Lair:5)
  2 orc warriors
  5 wolves
  An ogre (D:13)
  A phantom (D:5)
  An orc priest (D:9)
  An orc wizard (Orc:1)
  4 orcs
  A frilled lizard (D:2)
  A ball lightning (Swamp:3)
  16 foxfires
60 creatures vanquished.

Grand Total: 1296 creatures vanquished

Notes
Turn   | Place    | Note
-------+----------+-------------------------------------------
     0 | D:1      | SeagullWaffle the Gnoll Wanderer began the quest for the
                  | Orb.
     0 | D:1      | SeagullWaffle set off with the following items: a +0
                  | dagger, 7 boomerangs, a scroll of blinking, a +0 robe; and
                  | the following spells available to memorise: Sting, Freeze,
                  | Ignite Poison, Ozocubu's Armour, Petrify.
     0 | D:1      | Reached XP level 1. HP: 13/13 MP: 4/4
   218 | D:1      | Reached XP level 2. HP: 19/19 MP: 5/5
   574 | D:1      | Found a faded altar of an unknown god.
   821 | D:1      | Prayed at the altar of an unknown god.
   821 | D:1      | Became a worshipper of Ru the Awakened
   837 | D:1      | Gained mutation: You are slightly weak-willed. (Will-) [Ru
                  | sacrifice]
   837 | D:1      | Reached * piety under Ru
   940 | D:2      | Reached XP level 3. HP: 20/25 MP: 7/7
   987 | D:2      | Reached skill level 1 in Fighting
   987 | D:2      | Reached skill level 1 in Short Blades
   987 | D:2      | Reached skill level 1 in Long Blades
   987 | D:2      | Reached skill level 1 in Axes
   987 | D:2      | Reached skill level 1 in Maces & Flails
   987 | D:2      | Reached skill level 1 in Polearms
   987 | D:2      | Reached skill level 1 in Staves
   987 | D:2      | Reached skill level 1 in Ranged Weapons
   987 | D:2      | Reached skill level 1 in Stealth
   987 | D:2      | Reached skill level 1 in Shields
   987 | D:2      | Reached skill level 1 in Unarmed Combat
   987 | D:2      | Reached skill level 1 in Evocations
  1102 | D:2      | Learned a level 1 spell: Sting
  1106 | D:2      | Learned a level 3 spell: Ignite Poison
  1257 | D:2      | Reached XP level 4. HP: 32/32 MP: 6/8
  1304 | D:2      | Reached skill level 1 in Shapeshifting
  1596 | D:2      | Reached skill level 1 in Conjurations
  1596 | D:2      | Reached skill level 1 in Hexes
  1596 | D:2      | Reached skill level 1 in Summonings
  1596 | D:2      | Reached skill level 1 in Necromancy
  1596 | D:2      | Reached skill level 1 in Translocations
  1596 | D:2      | Reached skill level 1 in Fire Magic
  1596 | D:2      | Reached skill level 1 in Air Magic
  1596 | D:2      | Reached skill level 1 in Earth Magic
  1596 | D:2      | Reached skill level 1 in Poison Magic
  1961 | D:3      | Reached skill level 3 in Invocations
  2001 | D:3      | Identified the +5 spear of Esifoh {flame, rN+ Str+3 Stlth+}
  2063 | D:3      | Reached XP level 5. HP: 36/37 MP: 9/9
  2082 | D:3      | Noticed Sigmund
  2090 | D:3      | Killed Sigmund
  2091 | D:3      | Reached XP level 6. HP: 31/44 MP: 1/11
  2424 | D:3      | Found a snail-covered altar of Cheibriados.
  2471 | D:4      | Found a bloodstained altar of Trog.
  3001 | D:4      | Reached XP level 7. HP: 43/50 MP: 12/12
  3026 | D:4      | Learned a level 1 spell: Freeze
  3104 | D:4      | Gained mutation: You cannot study or use magical devices.
                  | [Ru sacrifice]
  3104 | D:4      | Reached ** piety under Ru
  3104 | D:4      | Reached *** piety under Ru
  3235 | D:4      | Found a hide-covered altar of Uskayaw.
  3811 | D:5      | Entered Level 5 of the Dungeon
  3818 | D:4      | Reached skill level 4 in Invocations
  3977 | D:5      | Reached XP level 8. HP: 47/57 MP: 14/14
  4428 | D:5      | Found a broken altar of Ashenzari.
  4432 | D:5      | Saw a vision of the Swamp and the Snake Pit.
  4432 | D:5      | Noticed a bog body
  4432 | D:5      | Noticed a mana viper
  4432 | D:5      | Noticed a will-o-the-wisp
  4432 | D:5      | Noticed a bunyip
  4432 | D:5      | Noticed a mana viper
  4432 | D:5      | Noticed a black mamba
  4432 | D:5      | Noticed a black mamba
  4433 | D:5      | Noticed an eleionoma
  4433 | D:5      | Noticed a salamander
  4784 | D:5      | Found a staircase to the Ecumenical Temple.
  5259 | D:6      | Found a hazy altar of Hepliaklqana.
  5289 | D:6      | Learned a level 3 spell: Ozocubu's Armour
  5294 | D:6      | Learned a level 4 spell: Petrify
  5671 | D:6      | Reached skill level 5 in Invocations
  5679 | D:6      | Reached XP level 9. HP: 27/63 MP: 16/16
  5696 | D:6      | Gained mutation: Your casting is slightly disrupted. [Ru
                  | sacrifice]
  5696 | D:6      | Reached **** piety under Ru
  5696 | D:6      | Reached ***** piety under Ru
  6032 | D:6      | Identified the +0 robe "Cunkeuneiky" {rElec}
  6052 | D:6      | Reached skill level 5 in Spellcasting
  6654 | D:7      | Gained mutation: Your spells are a little harder to cast,
                  | but a little more powerful. [potion of mutation]
  6683 | D:7      | Noticed Prince Ribbit
  6697 | D:7      | Paralysed by a wight for 4 turns
  6705 | D:7      | Reached skill level 5 in Throwing
  6705 | D:7      | Reached skill level 5 in Armour
  6705 | D:7      | Reached skill level 5 in Dodging
  6725 | D:7      | Killed Prince Ribbit
  6910 | D:7      | Found a stormy altar of Qazlal.
  6912 | D:7      | Noticed a cyclops
  7062 | D:7      | Found an ancient bone altar of Kikubaaqudgha.
  7093 | D:7      | Found a glowing silver altar of Zin.
  7136 | D:7      | Noticed a manticore
  7138 | D:7      | Found a transporter.
  7149 | D:7      | Found a transporter.
  7205 | D:7      | Found a glowing golden altar of the Shining One.
  7534 | D:7      | Reached skill level 6 in Invocations
  7698 | D:7      | Reached XP level 10. HP: 46/73 MP: 8/18
  7699 | D:7      | Reached skill level 5 in Fighting
  7699 | D:7      | Reached skill level 5 in Short Blades
  7699 | D:7      | Reached skill level 5 in Long Blades
  7699 | D:7      | Reached skill level 5 in Axes
  7699 | D:7      | Reached skill level 5 in Maces & Flails
  7699 | D:7      | Reached skill level 5 in Polearms
  7699 | D:7      | Reached skill level 5 in Staves
  7699 | D:7      | Reached skill level 5 in Ranged Weapons
  7699 | D:7      | Reached skill level 5 in Stealth
  7699 | D:7      | Reached skill level 5 in Shields
  7699 | D:7      | Reached skill level 5 in Unarmed Combat
  7980 | D:7      | Upgraded the game from 0.31-a0-846-gb3bcc0d938 to
                  | 0.31-a0-848-gaac375c287
  8878 | D:8      | Reached skill level 5 in Ice Magic
  8987 | D:8      | Gained mutation: You have somewhat slow reflexes. (EV -5)
                  | [Ru sacrifice]
  9132 | D:8      | Found Jiblunaic's Assorted Antiques.
  9138 | D:8      | Bought a potion of heal wounds for 140 gold pieces
  9138 | D:8      | Bought a scroll of identify for 56 gold pieces
  9198 | D:9      | Found an ornate altar of the Wu Jian Council.
  9253 | D:9      | Found a shimmering blue altar of Sif Muna.
  9256 | D:9      | Found a blossoming altar of Fedhas.
  9256 | D:9      | Found a sacrificial altar of Ru.
  9276 | D:9      | Found an iron altar of Okawaru.
  9339 | D:9      | Reached skill level 5 in Shapeshifting
  9452 | D:9      | Identified the +10 hand axe of the Scorpion {protect, rC++}
  9709 | D:9      | Found a radiant altar of Vehumet.
 10070 | D:9      | Found an opulent altar of Gozag.
 10124 | D:9      | Reached skill level 7 in Invocations
 10527 | D:10     | Entered Level 10 of the Dungeon
 10535 | D:10     | Found a staircase to the Lair.
 10573 | D:10     | Noticed PaleRider's ghost (novice DgIE)
 10576 | D:10     | Found a runed translucent door.
 10586 | D:10     | Paralysed by a hornet for 1 turns
 10590 | D:10     | Reached XP level 11. HP: 50/81 MP: 15/20
 10630 | D:10     | Killed PaleRider's ghost
 10631 | D:10     | Reached skill level 5 in Conjurations
 10631 | D:10     | Reached skill level 5 in Hexes
 10631 | D:10     | Reached skill level 5 in Summonings
 10631 | D:10     | Reached skill level 5 in Necromancy
 10631 | D:10     | Reached skill level 5 in Translocations
 10631 | D:10     | Reached skill level 5 in Fire Magic
 10631 | D:10     | Reached skill level 5 in Air Magic
 10631 | D:10     | Reached skill level 5 in Earth Magic
 10631 | D:10     | Reached skill level 5 in Poison Magic
 11135 | D:10     | Found a staircase to the Orcish Mines.
 11625 | Lair:1   | Entered Level 1 of the Lair of Beasts
 11643 | Lair:1   | Gained mutation: You are missing an eye, making it more
                  | difficult to aim. [Ru sacrifice]
 11643 | Lair:1   | Reached ****** piety under Ru
 11728 | Lair:1   | Identified the +4 flail "Eviscerator" {flame, rC+ MP+9}
 11881 | Lair:1   | Noticed Fannar
 11894 | Lair:1   | Killed Fannar
 13043 | Lair:2   | Noticed Gastronok
 13088 | Lair:2   | Killed Gastronok
 13089 | Lair:2   | Reached skill level 8 in Invocations
 13219 | Lair:2   | Found a frozen archway.
 13285 | Lair:2   | Reached XP level 12. HP: 48/86 MP: 23/23
 13374 | IceCv    | Entered an ice cave
 14455 | IceCv    | Noticed a death yak
 14455 | IceCv    | Noticed an ironbound frostheart
 14455 | IceCv    | Noticed an ironbound frostheart
 14455 | IceCv    | Noticed a death yak
 14472 | IceCv    | Killed a death yak
 14477 | IceCv    | Killed an ironbound frostheart
 14501 | IceCv    | Killed a death yak
 14525 | IceCv    | Killed an ironbound frostheart
 14631 | IceCv    | Noticed a death yak
 14644 | IceCv    | Killed a death yak
 14649 | IceCv    | Reached skill level 9 in Invocations
 14962 | Lair:2   | Identified the +8 mace "Ywnea" {heavy, rN+ Str+2 Int-4
                  | Dex+6}
 15225 | Lair:2   | Noticed a seven-headed hydra
 15697 | Lair:2   | Found a staircase to the Snake Pit.
 15739 | Lair:2   | Reached XP level 13. HP: 92/98 MP: 18/25
 16399 | Lair:3   | Found a staircase to the Swamp.
 16594 | Lair:3   | Found a runed translucent gate.
 16595 | Lair:3   | Found a runed translucent gate.
 16595 | Lair:3   | Found a runed translucent gate.
 16596 | Lair:3   | Noticed Nammoc's ghost (journeyman GnWn)
 16596 | Lair:3   | Noticed Xavier147's ghost (journeyman GrHu)
 16596 | Lair:3   | Noticed Rime's ghost (journeyman DsSh)
 16596 | Lair:3   | Noticed Vuwiesed's ghost (journeyman DsSh)
 16670 | Lair:3   | Found a glowing silver altar of Zin.
 17041 | Lair:3   | Killed Vuwiesed's ghost
 17082 | Lair:3   | Killed Rime's ghost
 17312 | Lair:3   | Identified the staff of the Bedazzling Weasel {rPois rC+
                  | rN+ Dex-4 Hexes Ice Poison}
 17616 | Lair:2   | Upgraded the game from 0.31-a0-848-gaac375c287 to
                  | 0.31-a0-851-g7ff8af7976
 17709 | Lair:4   | Found a gate leading to a gauntlet.
 17715 | Gauntlet | Entered a Gauntlet
 17715 | Gauntlet | Found a transporter.
 17715 | Gauntlet | Found a transporter.
 17864 | Gauntlet | Found a transporter.
 17866 | Gauntlet | Found a transporter.
 17879 | Gauntlet | Found a transporter.
 17889 | Gauntlet | Found a large runed translucent door.
 17890 | Gauntlet | Found a large runed translucent door.
 17890 | Gauntlet | Found a large runed translucent door.
 17890 | Gauntlet | Found a large runed translucent door.
 17891 | Gauntlet | Found a large runed translucent door.
 17891 | Gauntlet | Found a large runed translucent door.
 17891 | Gauntlet | Found a large runed translucent door.
 17891 | Gauntlet | Found a large runed translucent door.
 17892 | Gauntlet | Found a runed translucent door.
 17892 | Gauntlet | Found a runed translucent gate.
 17893 | Gauntlet | Found a transporter.
 17893 | Gauntlet | Found a runed translucent gate.
 17894 | Gauntlet | Found a runed translucent door.
 17894 | Gauntlet | Found a runed translucent gate.
 17935 | Gauntlet | Found a transporter.
 17964 | Gauntlet | Found a large runed translucent door.
 17965 | Gauntlet | Found a large runed translucent door.
 17965 | Gauntlet | Found a large runed translucent door.
 17965 | Gauntlet | Found a large runed translucent door.
 17966 | Gauntlet | Found a large runed translucent door.
 17966 | Gauntlet | Found a large runed translucent door.
 17966 | Gauntlet | Found a large runed translucent door.
 17966 | Gauntlet | Found a large runed translucent door.
 17968 | Gauntlet | Found a transporter.
 17970 | Gauntlet | Found a transporter.
 17970 | Gauntlet | Found a transporter.
 17972 | Gauntlet | Noticed a great orb of eyes
 17974 | Gauntlet | Found a runed translucent door.
 17987 | Gauntlet | Found a transporter.
 18000 | Gauntlet | Found a transporter.
 18002 | Gauntlet | Found a runed translucent door.
 18010 | Gauntlet | Found a transporter.
 18012 | Gauntlet | Noticed a dire elephant
 18018 | Gauntlet | Found a transporter.
 18188 | Gauntlet | Learned a level 4 spell: Summon Lightning Spire
 18361 | Gauntlet | Reached skill level 10 in Transmutations
 18728 | Gauntlet | Identified the amulet "Jaen" {Faith Dex+2 Slay+2}
 18919 | Gauntlet | Identified the staff of Peril {+Blink rN+ Str-3 Int+7
                  | Necro}
 18919 | Gauntlet | Noticed a minotaur
 18924 | Gauntlet | Killed a minotaur
 18932 | Gauntlet | Identified the staff "Waggos" {rElec rF+ rN+ Will- Dex+6
                  | Necro}
 18932 | Gauntlet | Identified the staff "Xelauch" {rC+ rN+ Will+ Necro}
 19159 | Lair:3   | Killed Nammoc's ghost
 19227 | Lair:3   | You fall into a shaft and drop 2 floors!
 19227 | Lair:5   | Entered Level 5 of the Lair of Beasts
 19590 | Lair:5   | HP: 3/95 [something (8)]
 20051 | Lair:5   | Reached skill level 10 in Invocations
 20385 | Lair:5   | Reached XP level 14. HP: 59/108 MP: 27/27
 21388 | Lair:5   | Learned a level 5 spell: Freezing Cloud
 21646 | Lair:5   | Found a runed translucent door.
 21647 | Lair:5   | Found a viscous altar of Jiyva.
 21666 | Lair:5   | Found a staircase to the Slime Pits.
 22833 | Lair:4   | Reached skill level 10 in Spellcasting
 23298 | Lair:4   | Reached skill level 10 in Throwing
 23298 | Lair:4   | Reached skill level 10 in Armour
 23298 | Lair:4   | Reached skill level 10 in Dodging
 23684 | Lair:4   | Learned a level 3 spell: Frozen Ramparts
 24397 | Lair:4   | Reached skill level 11 in Invocations
 24790 | Lair:3   | Lost mutation: Your spells are a little harder to cast, but
                  | a little more powerful. [potion of mutation]
 24790 | Lair:3   | Gained mutation: You are partially covered in iridescent
                  | scales. (AC +2) [potion of mutation]
 24790 | Lair:3   | Gained mutation: You are dopey. (Int -2) [potion of
                  | mutation]
 24790 | Lair:3   | Gained mutation: You have hidden genetic potential. [potion
                  | of mutation]
 24974 | D:11     | Noticed Erolcha
 24984 | D:11     | Killed Erolcha
 25086 | D:11     | Reached XP level 15. HP: 95/115 MP: 18/29
 25410 | D:11     | Noticed Sonja
 25426 | D:11     | Killed Sonja
 25678 | D:11     | Found a portal to a secret trove of treasure.
 26194 | D:11     | Reached skill level 10 in Fighting
 26194 | D:11     | Reached skill level 10 in Short Blades
 26194 | D:11     | Reached skill level 10 in Long Blades
 26194 | D:11     | Reached skill level 10 in Axes
 26194 | D:11     | Reached skill level 10 in Maces & Flails
 26194 | D:11     | Reached skill level 10 in Polearms
 26194 | D:11     | Reached skill level 10 in Staves
 26194 | D:11     | Reached skill level 10 in Ranged Weapons
 26194 | D:11     | Reached skill level 10 in Stealth
 26194 | D:11     | Reached skill level 10 in Shields
 26194 | D:11     | Reached skill level 10 in Unarmed Combat
 26200 | D:11     | Found a shadowy altar of Dithmenos.
 27716 | Orc:1    | Entered Level 1 of the Orcish Mines
 28592 | Orc:1    | Found Uvuboacs's Antique Weapon Shop.
 29028 | Orc:2    | Entered Level 2 of the Orcish Mines
 29270 | Orc:2    | Found a burning altar of Makhleb.
 29277 | Orc:2    | Identified the +2 robe of the Majestic God {Rampage}
 29421 | Orc:2    | Found a staircase to the Elven Halls.
 29619 | Orc:2    | Gained mutation: You are weak. (Str -2) [a neqoxec]
 29856 | Orc:2    | Noticed an orc warlord
 29871 | Orc:2    | Killed an orc warlord
 29904 | Orc:2    | Noticed Nergalle
 29921 | Orc:2    | Killed Nergalle
 30286 | Orc:2    | Found Xaygenen's General Store.
 30303 | Orc:2    | Bought a potion of curing for 42 gold pieces
 30387 | Orc:2    | Found Iliube's Antique Weapon Emporium.
 30554 | Orc:2    | Found Pukyfuna's Antique Armour Emporium.
 30560 | Orc:2    | Bought a pair of heavily runed boots for 190 gold pieces
 30560 | Orc:2    | Identified the +2 pair of boots of the Lonely Seas {Str+2
                  | Dex+2} (You bought it in a shop on level 2 of the Orcish
                  | Mines)
 30577 | Orc:2    | Bought a glimmering orb for 280 gold pieces
 30577 | Orc:2    | Identified the orb "Ushriehaq" {*channel, rElec SInv} (You
                  | bought it in a shop on level 2 of the Orcish Mines)
 30587 | Orc:2    | Found Kal Paeh's Jewellery Emporium.
 30648 | Orc:2    | Gained mutation: You are partially covered in large bone
                  | plates. (SH +4) [hidden potential]
 31160 | D:13     | Noticed Lodul
 31168 | D:13     | Killed Lodul
 31479 | D:13     | Noticed Nessos
 31490 | D:13     | Killed Nessos
 31757 | D:13     | Found a transporter.
 31936 | D:13     | Noticed Zituum's ghost (journeyman DESu)
 31970 | D:13     | Found a transporter.
 32001 | D:13     | Reached XP level 16. HP: 67/124 MP: 10/31
 32005 | D:13     | Reached skill level 12 in Invocations
 32005 | D:13     | Killed Zituum's ghost
 32605 | D:14     | Reached skill level 10 in Shapeshifting
 33478 | D:14     | Found a gate to the Vaults.
 34148 | D:15     | Entered Level 15 of the Dungeon
 34570 | D:15     | Gained mutation: Your system is resistant to poisons.
                  | (rPois) [hidden potential]
 34570 | D:15     | Lost mutation: You have hidden genetic potential. [hidden
                  | potential expressed]
 34802 | D:15     | Found Dangielu's Distillery.
 35167 | D:15     | Paralysed by an orc sorcerer for 3 turns
 35366 | D:15     | Found a staircase to the Depths.
 36037 | Swamp:1  | Entered Level 1 of the Swamp
 36118 | Lair:3   | Killed Xavier147's ghost
 36991 | Swamp:1  | Identified the +1 hat of Plog {rElec rF+}
 37194 | Swamp:1  | Reached skill level 10 in Ice Magic
 37374 | Swamp:1  | Reached XP level 17. HP: 100/131 MP: 17/32
 38636 | Swamp:2  | Noticed a tentacled monstrosity
 39256 | Swamp:2  | Reached skill level 13 in Invocations
 39535 | Swamp:2  | Killed a tentacled monstrosity
 40492 | Swamp:3  | Reached skill level 10 in Conjurations
 40492 | Swamp:3  | Reached skill level 10 in Hexes
 40492 | Swamp:3  | Reached skill level 10 in Summonings
 40492 | Swamp:3  | Reached skill level 10 in Necromancy
 40492 | Swamp:3  | Reached skill level 10 in Translocations
 40492 | Swamp:3  | Reached skill level 10 in Fire Magic
 40492 | Swamp:3  | Reached skill level 10 in Air Magic
 40492 | Swamp:3  | Reached skill level 10 in Earth Magic
 40492 | Swamp:3  | Reached skill level 10 in Poison Magic
 41134 | Swamp:4  | Entered Level 4 of the Swamp
 41192 | Swamp:4  | Found a runed translucent gate.
 41192 | Swamp:4  | Found a runed translucent gate.
 41192 | Swamp:4  | Found a runed translucent gate.
 41193 | Swamp:4  | Noticed DEFE's ghost (adept DsFi)
 41193 | Swamp:4  | Noticed AppleFox63's ghost (adept DENe)
 41616 | Swamp:4  | Upgraded the game from 0.31-a0-851-g7ff8af7976 to
                  | 0.31-a0-854-g362426d53f
 42219 | Swamp:4  | Got a decaying rune of Zot
 42881 | Swamp:4  | Killed AppleFox63's ghost
 42887 | Swamp:4  | Killed DEFE's ghost
 43349 | Snake:1  | Entered Level 1 of the Snake Pit
 43540 | Snake:1  | Found Qociruz's Magic Scroll Emporium.
 43542 | Snake:1  | Found Taddaaw's Antique Armour Shoppe.
 43544 | Snake:1  | Found Fais's Jewellery Emporium.
 43556 | Snake:1  | Bought a scroll of enchant armour for 127 gold pieces
 44023 | Snake:1  | Reached XP level 18. HP: 135/140 MP: 25/34
 44075 | Snake:1  | Found Xisto's Armour Shoppe.
 46908 | Snake:3  | Found Miwic's General Store.
 46973 | Snake:3  | Reached skill level 14 in Invocations
 47474 | Snake:3  | Noticed Mara
 47486 | Snake:3  | Noticed SeagullWaffle's illusion
 47538 | Snake:3  | Killed Mara
 48299 | Snake:4  | Entered Level 4 of the Snake Pit
 48299 | Snake:4  | Noticed Nikola
 48312 | Snake:4  | Killed Nikola
 48480 | Snake:4  | Noticed Bai Suzhen
 48546 | Snake:4  | Killed Bai Suzhen
 48828 | Snake:4  | Found Plog's Jewellery Shoppe.
 48829 | Snake:4  | Found Cusmughy's Book Boutique.
 48829 | Snake:4  | Found Roonykh's Book Boutique.
 48835 | Snake:4  | Bought the Book of Topography and Misery for 132 gold
                  | pieces
 48835 | Snake:4  | Bought Xakih's Primer on Gnosis for 330 gold pieces
 48840 | Snake:4  | Learned a level 4 spell: Olgreb's Toxic Radiance
 48846 | Snake:4  | Learned a level 5 spell: Borgnjor's Vile Clutch
 49059 | Snake:4  | Noticed Louise
 49077 | Snake:4  | Killed Louise
 49355 | Snake:4  | Noticed Vashnia
 49383 | Snake:4  | Killed Vashnia
 49711 | Snake:4  | Reached XP level 19. HP: 130/149 MP: 13/36
 50222 | Snake:4  | Got a serpentine rune of Zot
 50688 | Elf:1    | Entered Level 1 of the Elven Halls
 50798 | Elf:1    | Paralysed by an air elemental for 1 turns
 50802 | Elf:1    | Paralysed by an air elemental for 1 turns
 50861 | Elf:1    | Identified the +1 leather armour of Gatren {Regen+ Str+2}
 51561 | Elf:1    | Found a shimmering blue altar of Sif Muna.
 52331 | Elf:1    | Found Xutan's Self-Published Books.
 52336 | Elf:1    | Bought the Elucidation of the Lords of Pandemonium for 682
                  | gold pieces
 52342 | Elf:1    | Learned a level 4 spell: Dispel Undead
 52811 | Elf:2    | Found an ancient bone altar of Kikubaaqudgha.
 52929 | Elf:2    | Paralysed by an air elemental for 1 turns
 53240 | Elf:2    | Found Mainopom's Magic Scroll Shoppe.
 53261 | Elf:2    | Noticed Agnes
 53269 | Elf:2    | Killed Agnes
 53645 | Elf:2    | Found a runed translucent gate.
 53645 | Elf:2    | Found a runed translucent gate.
 53645 | Elf:2    | Found a runed translucent gate.
 54424 | Elf:2    | Reached skill level 15 in Invocations
 54850 | Elf:2    | Reached XP level 20. HP: 158/158 MP: 32/37
 54954 | Elf:2    | Upgraded the game from 0.31-a0-854-g362426d53f to
                  | 0.31-a0-859-g9dce7d3444
 55066 | Elf:3    | Entered Level 3 of the Elven Halls
 56011 | Elf:3    | Paralysed by an air elemental for 1 turns
 56022 | Elf:3    | Paralysed by an air elemental for 1 turns
 56386 | Elf:3    | Found a transporter.
 56387 | Elf:3    | Found a transporter.
 56389 | Elf:3    | Found a bloodstained altar of Trog.
 56640 | Abyss:2  | Cast into level 2 of the Abyss (a deep elf sorcerer)
 56765 | Abyss:2  | Found a corrupted altar of Lugonu.
 56816 | Abyss:2  | Found a burning altar of Makhleb.
 56847 | Abyss:2  | Found a corrupted altar of Lugonu.
 57045 | Abyss:2  | Noticed a dread lich
 57085 | Abyss:2  | Slain by an iron giant zombie

Illustrated notes

Levels and vault maps discovered:
D:1:      arrival_zaba_pyramid, layout_loops_ring,
          shapermc_ecumenical_altar_acropolis
D:2:      minmay_evil_eye, layout_basic
D:3:      layout_rooms, general_overflow_altar, chequers_mini_garden,
          kennysheep_generic_room_8, uniq_sigmund
D:4:      layout_basic, mainiacjoe_overflow_small_starburst,
          nicolae_uskayaw_dance_hall, serial_co_window_serial,
          co_window_paths_a, co_window_paths_a, co_window_corner_a,
          co_window_corner_a, co_window_corner_a, co_window_of_opportunity_c,
          co_window_unsneaky_path_d, co_window_broadway_c, co_window_corner_b,
          co_window_paths_c, glass_columns_a
D:5:      layout_basic, grunt_ashenzari_visionary
          [grunt_ashenzari_visionary_swamp, grunt_ashenzari_visionary_snake],
          minmay_temple_entry_stoned_glass, minmay_stone_trees_small
D:6:      layout_basic, nicolae_hepliaklqana_hazy_memory
D:7:      layout_layer_cave, gammafunk_temple_overflow_arena, tso_oasis_becter,
          mainiacjoe_overflow_catwalk_spiral, minmay_fractal_squares_gapless_5,
          uniq_prince_ribbit1
D:8:      layout_basic, serial_curves, eino_curves_03, eino_curves_04,
          eino_curves_03, serial_shops, shop
D:9:      layout_loops_ring, lemuel_doored_altar,
          nicolae_overflow_hallway_of_the_gods, mainiacjoe_overflow_paths
D:10:     layout_rooms, dpeg_oklobed_lair,
          kennysheep_orc_monster_closet_entryway, hellmonk_ghost_happy_afterlife
D:11:     layout_basic, enter_trove_6, nicolae_nh_vlads_tower, uniq_sonja,
          uniq_erolcha
D:12:     layout_basic
D:13:     layout_basic, gammafunk_ghost_berserking_beasts, serial_park_tiny_2,
          uniq_lodul, uniq_nessos
D:14:     layout_rooms, erik_vaults_2, grunt_decor_resistance,
          minmay_quadrilaterals
D:15:     grunt_enter_depths_magical_seal, layout_long_grid,
          chequers_serial_rivers_micro_e, serial_shops, shop,
          minmay_fractal_squares_gapless_7
Lair:1:   layout_regular_city, uniq_fannar
Lair:2:   layout_gridlike, minmay_snake_entry_guardpost_small,
          portal_ice_cave_demonic_guard, uniq_gastronok
Lair:3:   layout_chaotic_city, swamp_mist, basic_altar,
          gammafunk_ghost_cemetery, minivault_26, minmay_holes
Lair:4:   nzn_winding_woodlands_three_and_one
          [nzn_winding_woodlands_5x15_concentric,
          nzn_winding_woodlands_5x15_jagged, nzn_winding_woodlands_5x15_cabin,
          nzn_winding_woodlands_center_diamonds], layout_long_grid,
          gauntlet_entry_generic
Lair:5:   hangedman_lair_tendril_chambers, layout_regular_city,
          hangedman_lair_caniforms_friends, slime_entry_2
Swamp:1:  nicolae_swamp_tree_isthmus, layout_falls_marsh,
          evilmike_swamp_ruin_rubble_1
Swamp:2:  cheibrodos_swamp_monstrosity, layout_basic_swamp,
          nicolae_swamp_triple_paths
Swamp:3:  layout_falls_marsh, evilmike_swamp_ruin_rubble_2,
          hangedman_swamp_phenomena
Swamp:4:  swamp_alternative, layout_basic_swamp, gammafunk_ghost_cemetery
Snake:1:  layout_cave_shapes, serial_shops, shop, minmay_shop_star
Snake:2:  layout_grid_maze, grunt_ministairs_12, nicolae_snake_gridmaze_zigzag
Snake:3:  layout_layer_cave, serial_shops, shop, serial_bayou_shore_b, uniq_mara
Snake:4:  hellmonk_snake_rune_quicksilver_temple, layout_cave_town,
          minmay_shop_grove, serial_bayou_shore_a, uniq_bai_suzhen,
          uniq_vashnia, uniq_louise, uniq_nikola
Orc:1:    layout_diamond_mine, guppyfry_orc_lava_fort
Orc:2:    grunt_orc_cross, layout_caves, bloody_makhleb
Elf:1:    elf_arrival_001, layout_rooms, basic_altar, hangedman_elf_represent,
          nicolae_custom_books
Elf:2:    nicolae_elf_blades_splatter_lattice
          [nicolae_blade_entry_hurt_lockers], layout_geoelf_octagon,
          basic_altar, serial_shops, shop, uniq_agnes
Elf:3:    minmay_elf_hall_statues, layout_rooms,
          gammafunk_ghost_wrathful_warriors, minmay_elf_demonology
Abyss:2:  base: D:14, evilmike_abyss_exit_mutagenic

Skill      XL: |  1  2  3  4  5  6  7  8  9 10 11 12 13 14 15 16 17 18 19 20 |
---------------+-------------------------------------------------------------+-----
Ice Magic      | 2 3 4 5 6 7 8 9 10 11 12 | 12.1
Fighting       | 1 2 3 4 5 6 8 9 10 11 12 13 14 | 14.0
Short Blades   | 1 2 3 4 5 6 8 9 10 11 12 13 14 | 14.0
Long Blades    | 1 2 3 4 5 6 8 9 10 11 12 13 14 | 14.0
Axes           | 1 2 3 4 5 6 8 9 10 11 12 13 14 | 14.0
Maces & Flails | 1 2 3 4 5 6 8 9 10 11 12 13 14 | 14.0
Polearms       | 1 2 3 4 5 6 8 9 10 11 12 13 14 | 14.0
Staves         | 1 2 3 4 5 6 8 9 10 11 12 13 14 | 14.0
Ranged Weapons | 1 2 3 4 5 6 8 9 10 11 12 13 14 | 14.0
Stealth        | 1 2 3 4 5 6 8 9 10 11 12 13 14 | 14.0
Shields        | 1 2 3 4 5 6 8 9 10 11 12 13 14 | 14.0
Unarmed Combat | 1 2 3 4 5 6 8 9 10 11 12 13 14 | 14.0
Evocations     | 1 2 0 |  0.0
Spellcasting   | 3 4 5 6 7 8 9 10 11 12 13 14 | 14.2
Shapeshifting  | 1 2 3 4 5 6 7 8 9 10 11 12 | 12.9
Conjurations   | 1 2 3 4 5 6 7 8 9 10 11 | 11.9
Hexes          | 1 2 3 4 5 6 7 8 9 10 11 | 11.9
Summonings     | 1 2 3 4 5 6 7 8 9 10 11 | 11.9
Necromancy     | 1 2 3 4 5 6 7 8 9 10 11 | 11.9
Translocations | 1 2 3 4 5 6 7 8 9 10 11 | 11.9
Fire Magic     | 1 2 3 4 5 6 7 8 9 10 11 | 11.9
Air Magic      | 1 2 3 4 5 6 7 8 9 10 11 | 11.9
Earth Magic    | 1 2 3 4 5 6 7 8 9 10 11 | 11.9
Poison Magic   | 1 2 3 4 5 6 7 8 9 10 11 | 11.9
Invocations    | 3 4 5 6 7 8 9 10 11 12 13 14 15 | 15.4
Throwing       | 3 4 5 6 7 8 9 10 11 12 13 14 | 14.2
Armour         | 3 4 5 6 7 8 9 10 11 12 13 14 | 14.2
Dodging        | 3 4 5 6 7 8 9 10 11 12 13 14 | 14.2
Transmutations | 8 9 10 11 12 13 | 13.7

Action                     |  1- 3 |  4- 6 |  7- 9 | 10-12 | 13-15 | 16-18 | 19-21 || total
---------------------------+-------+-------+-------+-------+-------+-------+-------++-------
  Melee: Dagger            |     9 |       |       |       |    31 |   349 |   156 ||   545
         Mace              |    33 |    34 |       |       |       |       |       ||    67
         Bite              |       |     7 |    26 |    90 |   141 |    85 |    34 ||   383
         Spear             |       |    47 |   317 |   322 |     4 |       |       ||   690
         Punch             |       |     1 |     6 |    16 |       |       |       ||    23
         Hand axe          |       |       |       |   553 |  1068 |    74 |       ||  1695
         Halberd           |       |       |       |     7 |       |       |       ||     7
         Staff             |       |       |       |       |   175 |   295 |    60 ||   530
         Maw               |       |       |       |       |    12 |       |       ||    12
         Broad axe         |       |       |       |       |       |       |    74 ||    74
  Throw: Boomerang         |    49 |    11 |       |     5 |    57 |   175 |   217 ||   514
         Dart              |       |       |       |    76 |   113 |    97 |    55 ||   341
         Javelin           |       |       |       |       |     6 |    10 |     6 ||    22
         Throwing net      |       |       |       |       |     3 |       |       ||     3
   Cast: Sting             |     8 |    15 |    34 |    49 |       |       |       ||   106
         Ignite Poison     |       |     1 |     2 |    18 |    17 |    14 |     9 ||    61
         Freeze            |       |       |    18 |    40 |     3 |       |       ||    61
         Ozocubu's Armour  |       |       |     3 |    23 |    76 |    59 |    13 ||   174
         Petrify           |       |       |       |     5 |    19 |     4 |       ||    28
         Summon Lightning  |       |       |       |       |   110 |    87 |     9 ||   206
         Freezing Cloud    |       |       |       |       |    69 |   214 |    91 ||   374
         Frozen Ramparts   |       |       |       |       |    12 |    37 |    22 ||    71
         Borgnjor's Vile C |       |       |       |       |       |     4 |    94 ||    98
         Olgreb's Toxic Ra |       |       |       |       |       |     4 |       ||     4
 Invoke: Sacrifice Essence |     1 |       |     1 |       |       |       |       ||     2
         Draw Out Power    |       |       |     3 |     1 |     2 |     1 |     2 ||     9
         Sacrifice Artific |       |       |     1 |       |       |       |       ||     1
         Power Leap        |       |       |     1 |       |     1 |       |       ||     2
         Sacrifice Health  |       |       |       |     1 |       |       |       ||     1
         Sacrifice an Eye  |       |       |       |     1 |       |       |       ||     1
         Apocalypse        |       |       |       |       |     1 |     1 |       ||     2
    Use: Scroll            |       |     6 |     2 |    10 |    14 |    20 |     1 ||    53
         Potion            |       |       |     5 |     7 |    11 |     4 |     3 ||    30
   Stab: Sleeping          |       |       |    12 |     6 |    12 |     7 |     4 ||    41
         Invisible         |       |       |     4 |     3 |     6 |     7 |     6 ||    26
         Distracted        |       |       |     1 |     9 |    19 |    17 |     2 ||    48
         Paralysed         |       |       |       |     7 |     9 |     9 |     4 ||    29
         Petrified         |       |       |       |       |    31 |     1 |       ||    32
         Petrifying        |       |       |       |       |    11 |     2 |       ||    13
 Armour: Ring mail         |    42 |    44 |   160 |   401 |       |       |       ||   647
         Robe              |     6 |       |       |    73 |   755 |   577 |   274 ||  1685
         Skin              |       |       |       |       |    29 |       |       ||    29
  Dodge: Dodged            |    34 |    38 |   145 |   331 |   607 |   205 |    99 ||  1459
         Repelled          |       |       |       |     3 |       |       |       ||     3
  Block: Other             |       |    15 |    55 |    62 |       |       |       ||   132
         Reflection        |       |     1 |       |     3 |    22 |    69 |    31 ||   126
         Buckler           |       |       |       |   224 |   449 |       |       ||   673
         Kite shield       |       |       |       |       |   361 |   667 |   300 ||  1328
         Form:             |       |       |       |       |     3 |     1 |       ||     4
         Maw               |       |       |       |       |     3 |     1 |       ||     4

Table legend: (Time is in decaauts)
 A = Elapsed time spent in this place.
 B = Non-inter-level travel time spent in this place.
 C = Inter-level travel time spent in this place.
 D = Time resting spent in this place.
 E = Time spent auto-exploring this place.
 F = Levels seen in this place.
 G = Mean time per level.
                   A        B        C        D        E       F      G
               +--------+--------+--------+--------+--------+-----+--------+
         Total |  56887 |  54915 |   1972 |   1745 |  39076 |  36 | 1580.2 |
       Dungeon |  19640 |  18775 |    865 |    172 |  14282 |  15 | 1309.3 |
          Lair |  10906 |  10397 |    509 |    578 |   6793 |   5 | 2181.2 |
         Swamp |   6971 |   6739 |    232 |    484 |   4816 |   4 | 1742.8 |
     Snake Pit |   7157 |   6963 |    194 |      0 |   5607 |   4 | 1789.2 |
  Orcish Mines |   3188 |   3097 |     91 |      0 |   2340 |   2 | 1594.0 |
   Elven Halls |   5898 |   5819 |     79 |     40 |   4288 |   3 | 1966.0 |
         Abyss |    438 |    438 |      0 |    140 |     45 |   1 |  438.0 |
      Ice Cave |   1399 |   1399 |      0 |    182 |    418 |   1 | 1399.0 |
      Gauntlet |   1287 |   1287 |      0 |    149 |    486 |   1 | 1287.0 |
               +--------+--------+--------+--------+--------+-----+--------+

Top non-repeatable levels by time:
   Elf:2: 3485 daAuts
  Lair:5: 3379 daAuts
 Snake:4: 2220 daAuts
  Lair:4: 2122 daAuts
    D:13: 2111 daAuts
 Swamp:2: 2075 daAuts
  Lair:2: 1955 daAuts
   Elf:1: 1861 daAuts
   Orc:2: 1849 daAuts
 Snake:2: 1839 daAuts
 Snake:3: 1811 daAuts
 Swamp:4: 1753 daAuts
  Lair:1: 1736 daAuts
  Lair:3: 1712 daAuts
 Swamp:1: 1673 daAuts
